[Event "ICC tourney 2410 (45 10)"]
[Site "Internet Chess Club"]
[Date "2021.02.27"]
[Round "2"]
[White "Siamon, David:kasparov57349"]
[Black "LIN, LEO FANYUE:Leolix"]
[Result "1-0"]
[ICCResult "Black resigns"]
[WhiteElo "2153"]
[BlackElo "1967"]
[Opening "Sicilian: Najdorf, 7...Be7 main line"]
[ECO "B99"]
[NIC "SI.09"]
[Time "13:32:14"]
[PlyCount "93"]
[TimeControl "2700+10"]

1. e4 c5 2. Nf3 d6 3. d4 cxd4 4. Nxd4 Nf6 5. Nc3 a6 6. Bg5 e6 7. f4 Be7 8.
Qf3 Qc7 9. O-O-O Nbd7 10. Bd3 b5 11. Rhe1 Bb7 12. Qg3 O-O 13. e5 dxe5 14.
fxe5 Nd5 15. Bh6 Bf6 16. Nxd5 Bxd5 17. Bf4 Be7 18. Qg4 g6 19. h4 Rfe8 20.
h5 Bf8 21. hxg6 fxg6 22. Rh1 Bg7 23. Rxh7 Kxh7 24. Qxg6+ Kg8 25. Qh7+ Kf8
26. Rf1 Re7 27. Bh6+ Ke8 28. Bxg7 Nb6 29. Qh5+ Kd7 30. Bf8 Bxg2 31. Bxe7
Bxf1 32. Bd6 Qd8 33. Qf7+ Kc8 34. Qxe6+ Qd7 35. Bxf1 Qxe6 36. Nxe6 Kd7 37.
Nf4 Rh8 38. Bh3+ Kc6 39. Bg2+ Kd7 40. b3 Rh4 41. Nd5 Nc8 42. Bb8 Ne7 43.
Nxe7 Kxe7 44. Bb7 Rh6 45. Bd6+ Kd7 46. Bxa6 Kc6 47. Bc8 { Black resigns }
1-0

[Event "ICC tourney 2410 (45 10)"]
[Site "Internet Chess Club"]
[Date "2021.02.27"]
[Round "2"]
[White "MEIYAPPAN, ANNAPOORNI:annameiyappan"]
[Black "MIKHALEVSKI, VICTOR:Visam"]
[Result "0-1"]
[ICCResult "White resigns"]
[WhiteElo "2003"]
[BlackElo "2612"]
[Opening "Giuoco Piano"]
[ECO "C54"]
[NIC "IG.02"]
[Time "13:31:24"]
[PlyCount "102"]
[TimeControl "2700+10"]

1. e4 e5 2. Nf3 Nc6 3. Bc4 Bc5 4. c3 Nf6 5. d4 exd4 6. cxd4 Bb4+ 7. Bd2
Nxe4 8. Bxb4 Nxb4 9. Bxf7+ Kxf7 10. Qb3+ Kf8 11. Qxb4+ Qe7 12. Qxe7+ Kxe7
13. O-O Nf6 14. Re1+ Kd8 15. Nc3 d6 16. d5 Bd7 17. Ng5 Rf8 18. Ne6+ Bxe6
19. Rxe6 Kd7 20. Rae1 Rf7 21. f3 b5 22. b4 a5 23. a3 axb4 24. axb4 Ra3 25.
Nxb5 Rd3 26. Rc1 Nxd5 27. Re4 Rd2 28. Na7 Nf4 29. Nb5 Nd3 30. Ra1 Rf5 31.
Nd4 Rf4 32. Nb3 Rb2 33. Nc1 Rxe4 34. Nxd3 Rexb4 35. Nxb4 Rxb4 36. Kf2 Rb2+
37. Kg3 d5 38. Ra5 Kd6 39. Ra6+ Kc5 40. Ra7 Kb6 41. Ra8 Re2 42. Rd8 Kc6 43.
Kh3 Re7 44. g4 Kc5 45. f4 Kd4 46. f5 h6 47. g5 hxg5 48. Kg4 c5 49. Kxg5 c4
50. h4 c3 51. h5 Rc7 { White resigns } 0-1

[Event "ICC tourney 2410 (45 10)"]
[Site "Internet Chess Club"]
[Date "2021.02.27"]
[Round "2"]
[White "BERKLEY, DARRIN K:drberkley"]
[Black "KAPLAN, AVI HARRISON:ChicagoExpert"]
[Result "0-1"]
[ICCResult "White checkmated"]
[WhiteElo "1955"]
[BlackElo "2103"]
[Opening "Sicilian: closed"]
[ECO "B23"]
[NIC "SI.44"]
[Time "13:31:48"]
[PlyCount "96"]
[TimeControl "2700+10"]

1. e4 c5 2. Nc3 a6 3. f4 e6 4. Nf3 Nc6 5. d4 cxd4 6. Nxd4 Bb4 7. Nxc6 bxc6
8. Qd4 Bxc3+ 9. Qxc3 Nf6 10. Bd3 Qb6 11. Qd2 O-O 12. Qe2 Re8 13. b3 e5 14.
f5 d5 15. Bb2 dxe4 16. Bc4 Bxf5 17. Qf2 Qxf2+ 18. Kxf2 Ng4+ 19. Ke2 Be6 20.
Bxe6 Rxe6 21. h3 Nh6 22. Rhd1 f6 23. Rd7 Nf5 24. Rad1 Rae8 25. g4 Nh4 26.
Ra7 Ng6 27. Rdd7 R8e7 28. Rxe7 Nxe7 29. Rxa6 Nd5 30. h4 g6 31. a4 f5 32. g5
f4 33. Ra8+ Kf7 34. Ba3 Nc3+ 35. Ke1 e3 36. a5 Ne4 37. a6 c5 38. Ke2 Ng3+
39. Kf3 e4+ 40. Kxf4 e2 41. a7 Ra6 42. Bxc5 e1=Q 43. Rf8+ Ke6 44. Rf6+ Kd5
45. c4+ Kxc5 46. Rxa6 Qf2+ 47. Kg4 Qf3+ 48. Kh3 Nf1# { White checkmated }
0-1

[Event "ICC tourney 2410 (45 10)"]
[Site "Internet Chess Club"]
[Date "2021.02.27"]
[Round "2"]
[White "MASSICK, LAINE:Laine23"]
[Black "FILIPOVICH, DAVID MICHAEL:dmfcan"]
[Result "1/2-1/2"]
[ICCResult "Game drawn by mutual agreement"]
[WhiteElo "1920"]
[BlackElo "2193"]
[Opening "Caro-Kann: Bronstein-Larsen variation"]
[ECO "B16"]
[NIC "CK.07"]
[Time "13:31:27"]
[PlyCount "76"]
[TimeControl "2700+10"]

1. e4 c6 2. d4 d5 3. Nc3 dxe4 4. Nxe4 Nf6 5. Nxf6+ gxf6 6. c3 Bf5 7. Nf3
Nd7 8. Bf4 e6 9. Bd3 Bg6 10. h4 Bh5 11. Be2 Nb6 12. c4 Bxf3 13. gxf3 Be7
14. Qd3 h5 15. O-O-O Qd7 16. Be3 O-O-O 17. Rd2 Qc7 18. Qb3 c5 19. dxc5 Bxc5
20. Rxd8+ Rxd8 21. Bxc5 Qxc5 22. Qe3 Qc7 23. Rd1 Rxd1+ 24. Kxd1 Nxc4 25.
Qd4 Qd6 26. Qxd6 Nxd6 27. f4 Nf5 28. Bxh5 Nxh4 29. Bxf7 Kd7 30. Ke2 Kd6 31.
Kd3 Nf5 32. Bh5 Ne7 33. Bf3 Nd5 34. Kd4 b6 35. Bxd5 exd5 36. b4 a5 37. b5
f5 38. a4 Ke6 { Game drawn by mutual agreement } 1/2-1/2

[Event "ICC tourney 2410 (45 10)"]
[Site "Internet Chess Club"]
[Date "2021.02.27"]
[Round "2"]
[White "Vittal, Sanjana:MCTS13"]
[Black "GUHA, ROHIT:RG2017"]
[Result "1-0"]
[ICCResult "Black resigns"]
[WhiteElo "2195"]
[BlackElo "1998"]
[Opening "French: Winawer, Alekhine gambit, Kan variation"]
[ECO "C15"]
[NIC "FR.08"]
[Time "13:31:35"]
[PlyCount "61"]
[TimeControl "2700+10"]

1. e4 e6 2. d4 d5 3. Nc3 Bb4 4. Ne2 dxe4 5. a3 Bxc3+ 6. Nxc3 Nc6 7. Bb5 Ne7
8. Nxe4 O-O 9. c3 Qd5 10. Bd3 f5 11. Ng3 f4 12. Be4 Qd6 13. Ne2 e5 14. d5
Nd8 15. Qc2 Bf5 16. c4 Bxe4 17. Qxe4 c6 18. dxc6 Ndxc6 19. Bd2 Nf5 20.
O-O-O Nfd4 21. Nxd4 Qxd4 22. Qe2 Qb6 23. Bc3 Rae8 24. Rd7 Nb8 25. Rd5 e4
26. Bd4 Qa6 27. Bc5 Rf7 28. Rhd1 b6 29. Rd8 Qa4 30. Qxe4 Qxd1+ 31. Rxd1 {
Black resigns } 1-0

[Event "ICC tourney 2410 (45 10)"]
[Site "Internet Chess Club"]
[Date "2021.02.27"]
[Round "2"]
[White "HEBDEN, MARK L:mhebden"]
[Black "SHANKAR, ADEETHYIA:adchess"]
[Result "0-1"]
[ICCResult "White checkmated"]
[WhiteElo "2503"]
[BlackElo "2012"]
[Opening "QGD: Ragozin, Vienna variation"]
[ECO "D39"]
[NIC "QP.08"]
[Time "13:31:21"]
[PlyCount "110"]
[TimeControl "2700+10"]

1. d4 d5 2. Nf3 Nf6 3. c4 e6 4. Bg5 Bb4+ 5. Nc3 dxc4 6. g3 O-O 7. Bg2 Nc6
8. O-O Rb8 9. e3 h6 10. Bxf6 Qxf6 11. Qc2 b5 12. b3 Qf5 13. e4 Qf6 14. Rfd1
Rd8 15. bxc4 bxc4 16. e5 Qf5 17. Ne4 Ba6 18. Rab1 Rb6 19. d5 Nxe5 20. Nd4
Qg6 21. dxe6 fxe6 22. Nf3 Rxd1+ 23. Rxd1 Nd3 24. Nh4 Qf7 25. Nf3 Qf5 26.
Nh4 Qb5 27. Qe2 c3 28. Bf1 Qc6 29. Qg4 c2 30. Nf6+ Kf7 31. Qg6+ Kf8 32.
Nh7+ Ke7 33. Qxg7+ Kd8 34. Qh8+ Qe8 35. Qf6+ Kc8 36. Rxd3 Bxd3 37. Bxd3
c1=Q+ 38. Kg2 Qcc6+ 39. Nf3 Bc3 40. Qxh6 Qed7 41. Bg6 Qd2 42. Ng5 Rb2 43.
Qf8+ Qd8 44. Qf4 Bd4 45. Ne4 Bxf2 46. Nxf2 Qdd5 47. h4 Qcc5 48. Be4 Qxf2+
49. Kh3 Qd6 50. Qg5 Qg2+ 51. Kg4 Qdxg3+ 52. Kh5 Rb5 53. Qxb5 Qg4+ 54. Kh6
Qg7+ 55. Kh5 Q2g4# { White checkmated } 0-1

[Event "ICC tourney 2410 (45 10)"]
[Site "Internet Chess Club"]
[Date "2021.02.27"]
[Round "2"]
[White "DAI, GEORGE JINGCHANG:GeorgeDai"]
[Black "CHEN, JONATHAN:WCCJCB"]
[Result "1-0"]
[ICCResult "Black forfeits on time"]
[WhiteElo "2078"]
[BlackElo "2216"]
[Opening "QGD semi-Slav"]
[ECO "D43"]
[NIC "QI.01"]
[Time "13:31:53"]
[PlyCount "71"]
[TimeControl "2700+10"]

1. d4 Nf6 2. Nf3 e6 3. c4 d5 4. Nc3 c6 5. cxd5 exd5 6. Qc2 h6 7. Bf4 Bd6 8.
Bxd6 Qxd6 9. e3 O-O 10. Bd3 b6 11. O-O Nbd7 12. Rfd1 Bb7 13. Qa4 Rfe8 14.
Ba6 b5 15. Qa5 Bxa6 16. Qxa6 Reb8 17. Qa5 Nb6 18. Ne2 b4 19. Qc5 Qxc5 20.
dxc5 Na4 21. b3 Nxc5 22. Rac1 Nce4 23. Rxc6 Rc8 24. Nfd4 Nd7 25. Rdc1 Nb6
26. Rxc8+ Rxc8 27. Rxc8+ Nxc8 28. Nc6 Nc3 29. Nc1 a5 30. Nxa5 Na7 31. Nb7
Kf8 32. Nc5 Ke7 33. Kf1 Kd6 34. N5d3 Nc6 35. Ke1 g5 36. f3 { Black forfeits
on time } 1-0

[Event "ICC tourney 2410 (45 10)"]
[Site "Internet Chess Club"]
[Date "2021.02.27"]
[Round "2"]
[White "MAR, RACHAEL YUNXI:KittiesRock18"]
[Black "IVANOV, ALEXANDER:marble"]
[Result "0-1"]
[ICCResult "White forfeits on time"]
[WhiteElo "1916"]
[BlackElo "2511"]
[Opening "Robatsch defense: two knights, Suttles variation"]
[ECO "B06"]
[NIC "KF.06"]
[Time "13:31:25"]
[PlyCount "90"]
[TimeControl "2700+10"]

1. e4 g6 2. Nf3 Bg7 3. d4 d6 4. Nc3 c6 5. Bc4 Nf6 6. e5 Nd5 7. Nxd5 cxd5 8.
Bb3 Bg4 9. h3 Bxf3 10. Qxf3 e6 11. exd6 Nc6 12. c3 Qxd6 13. Bf4 Qd7 14. O-O
O-O 15. Ba4 Rfc8 16. Rfe1 a6 17. Bd1 b5 18. a3 Na5 19. Bc2 Nc4 20. Rab1 a5
21. Bd3 b4 22. Bxc4 Rxc4 23. axb4 axb4 24. Ra1 Rcc8 25. Qe3 Ra4 26. Qd2 Qa7
27. Rxa4 Qxa4 28. Rb1 Qb3 29. cxb4 Bf8 30. Be5 Qxb4 31. Qxb4 Bxb4 32. Kf1
Kf8 33. b3 Ke8 34. Ke2 Rc2+ 35. Kf3 Be7 36. Bg7 f6 37. Bh6 Kd7 38. Ke3 Kc6
39. Kf3 e5 40. dxe5 fxe5 41. Be3 d4 42. Bh6 Kd5 43. Re1 Rc3+ 44. Ke2 Rxb3
45. f3 Bb4 { White forfeits on time } 0-1

[Event "ICC tourney 2410 (45 10)"]
[Site "Internet Chess Club"]
[Date "2021.02.27"]
[Round "2"]
[White "BRUHA, NICHOLAS:mentosandcoke"]
[Black "TRANDAFIR, STEFAN:trandaferrari"]
[Result "0-1"]
[ICCResult "White resigns"]
[WhiteElo "1933"]
[BlackElo "1982"]
[Opening "Grünfeld: exchange variation"]
[ECO "D85"]
[NIC "GI.03"]
[Time "13:31:24"]
[PlyCount "92"]
[TimeControl "2700+10"]

1. d4 Nf6 2. c4 g6 3. Nc3 d5 4. cxd5 Nxd5 5. Na4 Bg7 6. e4 Nb6 7. Be3 O-O
8. Nf3 Bg4 9. Nc5 Nc6 10. Nxb7 Qb8 11. Ba6 Nb4 12. Nc5 Bxf3 13. gxf3 Nxa6
14. Nxa6 Qc8 15. Qe2 Rd8 16. Rc1 Qh3 17. Rxc7 Bxd4 18. Bxd4 Rxd4 19. Rc1
Rad8 20. Nc5 Nc4 21. Nb3 Rd3 22. Nc5 Ne5 23. Qf1 Nxf3+ 24. Ke2 Rd2+ 25. Ke3
Qh5 26. Rc3 Ne5 27. f3 Qg5+ 28. f4 Ng4+ 29. Kf3 Qh5 30. Kg3 Nf6 31. Qf3
Qxf3+ 32. Kxf3 Rxb2 33. e5 Nh5 34. a4 Rd4 35. Ke3 Rbb4 36. f5 Nf4 37. Rcc1
Nd5+ 38. Kf2 Rf4+ 39. Kg3 Rxf5 40. e6 fxe6 41. Nxe6 Re5 42. Rc8+ Kf7 43.
Nd8+ Kg7 44. Nc6 Re3+ 45. Kf2 Rb2+ 46. Kf1 Ra3 { White resigns } 0-1

[Event "ICC tourney 2410 (45 10)"]
[Site "Internet Chess Club"]
[Date "2021.02.27"]
[Round "3"]
[White "MIKHALEVSKI, VICTOR:Visam"]
[Black "KAPLAN, AVI HARRISON:ChicagoExpert"]
[Result "1-0"]
[ICCResult "Black checkmated"]
[WhiteElo "2612"]
[BlackElo "2103"]
[Opening "English: Neo-Catalan declined"]
[ECO "A05"]
[NIC "RE.08"]
[Time "16:02:07"]
[PlyCount "43"]
[TimeControl "2700+10"]

1. Nf3 Nf6 2. g3 e6 3. Bg2 d5 4. O-O Be7 5. c4 O-O 6. b3 b6 7. Bb2 Bb7 8.
e3 Nbd7 9. Nc3 Rc8 10. cxd5 exd5 11. Nd4 Re8 12. Ncb5 a6 13. Na7 Ra8 14.
Ndc6 Bxc6 15. Nxc6 Qc8 16. Bh3 Qb7 17. Bxd7 Nxd7 18. Qg4 Bf6 19. Qxd7 Bxb2
20. Rab1 Re6 21. Nd8 Rd6 22. Qe8# { Black checkmated } 1-0

[Event "ICC tourney 2410 (45 10)"]
[Site "Internet Chess Club"]
[Date "2021.02.27"]
[Round "3"]
[White "LIN, LEO FANYUE:Leolix"]
[Black "HEBDEN, MARK L:mhebden"]
[Result "0-1"]
[ICCResult "White resigns"]
[WhiteElo "1967"]
[BlackElo "2503"]
[Opening "Queen's pawn: London system"]
[ECO "A45"]
[NIC "QP.07"]
[Time "16:02:32"]
[PlyCount "46"]
[TimeControl "2700+10"]

1. d4 Nf6 2. Bf4 g6 3. Nc3 d5 4. e3 Bg7 5. h4 c5 6. Nb5 Na6 7. c3 Bg4 8. f3
Bd7 9. a4 O-O 10. Bd3 Qb6 11. b3 Rfc8 12. Na3 cxd4 13. cxd4 Nb4 14. Bb1 Nh5
15. Ne2 Nxf4 16. Nxf4 e5 17. Ne2 exd4 18. exd4 Re8 19. Nc2 Rac8 20. Qd2
Nxc2+ 21. Bxc2 Bxd4 22. a5 Qf6 23. Bxg6 Bc3 { White resigns } 0-1

[Event "ICC tourney 2410 (45 10)"]
[Site "Internet Chess Club"]
[Date "2021.02.27"]
[Round "3"]
[White "FILIPOVICH, DAVID MICHAEL:dmfcan"]
[Black "KUMAR, SRIRAM K:sirking2800"]
[Result "1/2-1/2"]
[ICCResult "Game drawn by repetition"]
[WhiteElo "2193"]
[BlackElo "2005"]
[Opening "Réti: King's Indian attack"]
[ECO "A05"]
[NIC "QP.11"]
[Time "16:02:32"]
[PlyCount "50"]
[TimeControl "2700+10"]

1. Nf3 Nf6 2. g3 g6 3. Bg2 Bg7 4. O-O O-O 5. d4 d6 6. b3 Nc6 7. Bb2 Nd7 8.
e4 e5 9. dxe5 Ndxe5 10. Nxe5 Nxe5 11. Nc3 Nc6 12. Qd2 Be6 13. Rae1 Qd7 14.
f4 Bh3 15. f5 Bxg2 16. Kxg2 Rfe8 17. Nd1 Bxb2 18. Nxb2 gxf5 19. Qg5+ Kh8
20. Qf6+ Kg8 21. exf5 Rxe1 22. Qg5+ Kh8 23. Qf6+ Kg8 24. Qg5+ Kh8 25. Qf6+
Kg8 { Game drawn by repetition } 1/2-1/2

[Event "ICC tourney 2410 (45 10)"]
[Site "Internet Chess Club"]
[Date "2021.02.27"]
[Round "3"]
[White "MARIAPPAN, ANISH M:Tacticsguy52"]
[Black "TURCOTTE,JONATHAN:JonnyTurgi"]
[Result "1-0"]
[ICCResult "Black resigns"]
[WhiteElo "1895"]
[BlackElo "2087"]
[Opening "Caro-Kann: classical, 6.h4"]
[ECO "B18"]
[NIC "CK.12"]
[Time "16:01:15"]
[PlyCount "83"]
[TimeControl "2700+10"]

1. e4 c6 2. d4 d5 3. Nc3 dxe4 4. Nxe4 Bf5 5. Ng3 Bg6 6. h4 h6 7. h5 Bh7 8.
Nf3 Nd7 9. Bd3 Bxd3 10. Qxd3 e6 11. Bd2 Ngf6 12. O-O-O Be7 13. Kb1 O-O 14.
Ne4 Nxe4 15. Qxe4 Nf6 16. Qe2 Qd5 17. Ne5 Qe4 18. Qc4 Rfd8 19. Bc3 Rac8 20.
f3 Qd5 21. Qe2 Qb5 22. Qf2 Nd5 23. Be1 Qb6 24. g4 c5 25. c4 Nb4 26. Bc3 Nc6
27. Nxc6 Qxc6 28. Rhg1 Bf6 29. d5 exd5 30. Bxf6 Qxf6 31. Rxd5 Rxd5 32. cxd5
Qe5 33. Rd1 b6 34. Qd2 Rd8 35. Ka1 Rd6 36. f4 Qe4 37. g5 Qf3 38. gxh6 gxh6
39. f5 Qxf5 40. Rg1+ Kh7 41. Qg2 Qg5 42. Qc2+ { Black resigns } 1-0

[Event "ICC tourney 2410 (45 10)"]
[Site "Internet Chess Club"]
[Date "2021.02.27"]
[Round "3"]
[White "Ye, Chen-Chen:Solidwrench2"]
[Black "JAYASUNDERA, SHANE:Ethan03"]
[Result "0-1"]
[ICCResult "White resigns"]
[WhiteElo "1972"]
[BlackElo "1987"]
[Opening "Sicilian: Taimanov (Bastrikov) variation"]
[ECO "B47"]
[NIC "SI.40"]
[Time "16:01:20"]
[PlyCount "104"]
[TimeControl "2700+10"]

1. e4 c5 2. Nf3 e6 3. d4 cxd4 4. Nxd4 Nc6 5. Nc3 Qc7 6. Be2 a6 7. O-O Nf6
8. Be3 Bb4 9. Na4 b5 10. Nxc6 Qxc6 11. Nb6 Rb8 12. Nxc8 Rxc8 13. c3 Bc5 14.
Bxc5 Qxc5 15. Bd3 O-O 16. Qe2 d5 17. e5 Nd7 18. a4 Rb8 19. axb5 axb5 20.
Ra5 Qc7 21. Rxb5 Nxe5 22. Rxb8 Rxb8 23. Bb1 g6 24. h3 Nc4 25. b4 Na3 26.
Qd3 Rc8 27. Rc1 Nxb1 28. Qxb1 Qc4 29. Qb2 d4 30. b5 dxc3 31. Qa3 Qxb5 32.
Rxc3 Rxc3 33. Qxc3 Qb1+ 34. Kh2 Qf5 35. Qc8+ Kg7 36. Qc3+ e5 37. Qe3 Qf4+
38. Qxf4 exf4 39. g3 fxg3+ 40. Kxg3 Kf6 41. Kf4 g5+ 42. Kg4 Kg6 43. f3 h5+
44. Kg3 h4+ 45. Kf2 Kf5 46. Ke3 Ke5 47. Ke2 Kf4 48. Kf2 f6 49. Kg2 Ke3 50.
Kh1 Kxf3 51. Kh2 f5 52. Kh1 Kg3 { White resigns } 0-1

[Event "ICC tourney 2410 (45 10)"]
[Site "Internet Chess Club"]
[Date "2021.02.27"]
[Round "3"]
[White "DAI, GEORGE JINGCHANG:GeorgeDai"]
[Black "Siamon, David:kasparov57349"]
[Result "1/2-1/2"]
[ICCResult "Game drawn by mutual agreement"]
[WhiteElo "2078"]
[BlackElo "2153"]
[Opening "Queen's gambit accepted"]
[ECO "D20"]
[NIC "QG.03"]
[Time "16:02:32"]
[PlyCount "47"]
[TimeControl "2700+10"]

1. d4 d5 2. c4 dxc4 3. e3 e5 4. Bxc4 exd4 5. exd4 Bd6 6. Nf3 Nf6 7. Qe2+
Qe7 8. Qxe7+ Kxe7 9. O-O h6 10. Re1+ Kf8 11. Ne5 Bxe5 12. dxe5 Nfd7 13. b3
Nb6 14. Ba3+ Kg8 15. Bd3 Nc6 16. Nc3 Be6 17. f4 Rd8 18. Be4 Nd5 19. Bxd5
Bxd5 20. Rad1 Be6 21. Rxd8+ Nxd8 22. Nb5 c6 23. Nd6 Bd5 24. g3 { Game drawn
by mutual agreement } 1/2-1/2

[Event "ICC tourney 2410 (45 10)"]
[Site "Internet Chess Club"]
[Date "2021.02.27"]
[Round "3"]
[White "NGO, BACH:Dking135799"]
[Black "MEIYAPPAN, ANNAPOORNI:annameiyappan"]
[Result "1-0"]
[ICCResult "Black resigns"]
[WhiteElo "2251"]
[BlackElo "2003"]
[Opening "QGD Slav: exchange variation, 6.Bf4 Bf5"]
[ECO "D14"]
[NIC "SL.02"]
[Time "16:02:03"]
[PlyCount "87"]
[TimeControl "2700+10"]

1. d4 d5 2. Nf3 Nf6 3. c4 c6 4. cxd5 cxd5 5. Nc3 Nc6 6. Bf4 Bf5 7. e3 e6 8.
Bb5 Bd6 9. Bxc6+ bxc6 10. Bxd6 Qxd6 11. Rc1 O-O 12. O-O Nd7 13. Na4 Rfc8
14. Nc5 Nxc5 15. Rxc5 Rab8 16. Qd2 Be4 17. Ng5 Bg6 18. Qc3 f6 19. Nf3 Rb6
20. Rc1 Be8 21. b3 Rcb8 22. Qa5 Qc7 23. h3 Qb7 24. Qc3 Ra6 25. Qd2 Rb6 26.
Qe2 Bd7 27. Ne1 Rb5 28. Nd3 Rc8 29. f4 Rc7 30. Qd2 Qb6 31. Qc3 Rc8 32. Qb2
Rc7 33. Qa3 Bc8 34. R1c3 Ba6 35. Rxb5 Bxb5 36. Qd6 Kf7 37. Nc5 Re7 38. a4
Be2 39. Kf2 Bh5 40. Nd3 Bg6 41. Nb4 Qc7 42. Qxc6 Qxc6 43. Nxc6 Rb7 44. Nd8+
{ Black resigns } 1-0

[Event "ICC tourney 2410 (45 10)"]
[Site "Internet Chess Club"]
[Date "2021.02.27"]
[Round "3"]
[White "SHANKAR, ADEETHYIA:adchess"]
[Black "Vittal, Sanjana:MCTS13"]
[Result "1-0"]
[ICCResult "Black forfeits on time"]
[WhiteElo "2012"]
[BlackElo "2195"]
[Opening "Queen's pawn game"]
[ECO "D04"]
[NIC "QP.08"]
[Time "16:01:28"]
[PlyCount "45"]
[TimeControl "2700+10"]

1. d4 d5 2. Nf3 Nf6 3. e3 c5 4. c4 e6 5. cxd5 exd5 6. Be2 Nc6 7. O-O Be7 8.
dxc5 Bxc5 9. Nc3 O-O 10. Qb3 d4 11. Rd1 Ng4 12. h3 Be6 13. Qxb7 Qe8 14.
exd4 Rb8 15. Qa6 Rb6 16. Qd3 Nxd4 17. Nxd4 Rd6 18. Ncb5 Bxd4 19. Nxd6 Bxf2+
20. Kf1 Qe7 21. Bxg4 Bc5 22. Bf3 Rd8 23. Nf5 { Black forfeits on time } 1-0

[Event "ICC tourney 2410 (45 10)"]
[Site "Internet Chess Club"]
[Date "2021.02.27"]
[Round "3"]
[White "TRANDAFIR, STEFAN:trandaferrari"]
[Black "SHEEHAN, ETHAN THOMAS:Chessking2008"]
[Result "0-1"]
[ICCResult "White resigns"]
[WhiteElo "1982"]
[BlackElo "2192"]
[Opening "Sicilian: accelerated fianchetto, Maróczy bind"]
[ECO "B36"]
[NIC "SI.43"]
[Time "16:01:49"]
[PlyCount "82"]
[TimeControl "2700+10"]

1. e4 c5 2. Nf3 g6 3. c4 Nc6 4. d4 cxd4 5. Nxd4 Nf6 6. Nc3 d6 7. Be2 Nxd4
8. Qxd4 Bg7 9. O-O O-O 10. Bg5 Be6 11. Qe3 Rc8 12. Qxa7 h6 13. Bh4 Bxc4 14.
Bxc4 Rxc4 15. Qxb7 Qb8 16. Qa6 Rfc8 17. Rab1 g5 18. Bg3 Nxe4 19. Nd5 Kf8
20. Rfe1 Nxg3 21. hxg3 R4c6 22. Qd3 e6 23. Ne3 Kg8 24. b3 d5 25. Red1 Qb4
26. Qd2 Qa3 27. Kh2 Ra6 28. Kg1 Qxa2 29. Qxa2 Rxa2 30. b4 d4 31. Ng4 h5 32.
Nh2 g4 33. b5 Rb8 34. Nf1 Ra5 35. Rd3 Raxb5 36. Rxb5 Rxb5 37. f3 Rc5 38.
Nd2 Rc3 39. Rxc3 dxc3 40. Nb3 c2 41. Kf1 Bb2 { White resigns } 0-1

[Event "ICC tourney 2410 (45 10)"]
[Site "Internet Chess Club"]
[Date "2021.02.27"]
[Round "3"]
[White "CHEN, JONATHAN:WCCJCB"]
[Black "BERKLEY, DARRIN K:drberkley"]
[Result "1-0"]
[ICCResult "Black checkmated"]
[WhiteElo "2216"]
[BlackElo "1955"]
[Opening "King's Indian: fianchetto, Uhlmann (Szabo) variation"]
[ECO "E62"]
[NIC "KI.72"]
[Time "16:01:23"]
[PlyCount "85"]
[TimeControl "2700+10"]

1. d4 Nf6 2. c4 g6 3. Nc3 Bg7 4. Nf3 d6 5. g3 O-O 6. Bg2 Nc6 7. O-O e5 8.
d5 Na5 9. Nd2 c5 10. e4 Re8 11. b3 b6 12. Bb2 Nb7 13. Qc2 Bd7 14. Rae1 Nh5
15. Nd1 f5 16. exf5 gxf5 17. f4 e4 18. Bxg7 Nxg7 19. Ne3 h5 20. Qb2 Rf8 21.
h3 Kf7 22. g4 hxg4 23. hxg4 Qh4 24. Nxf5 Bxf5 25. gxf5 Rh8 26. Nxe4 Qh2+
27. Kf2 Qxf4+ 28. Ke2 Qg4+ 29. Kd3 Nh5 30. Re3 Rae8 31. Bh3 Qh4 32. f6 Rxe4
33. Be6+ Kf8 34. Rxe4 Qg3+ 35. Re3 Nf4+ 36. Rxf4 Qxf4 37. Qg2 Qd4+ 38. Kc2
Ke8 39. Qg8+ Rxg8 40. f7+ Ke7 41. fxg8=Q Qxe3 42. Qf7+ Kd8 43. Qd7# { Black
checkmated } 1-0

[Event "ICC tourney 2410 (45 10)"]
[Site "Internet Chess Club"]
[Date "2021.02.27"]
[Round "3"]
[White "SRIPADA, HAVISH:brilliantnessme"]
[Black "MAR, RACHAEL YUNXI:KittiesRock18"]
[Result "1/2-1/2"]
[ICCResult "Game drawn because neither player has mating material"]
[WhiteElo "2036"]
[BlackElo "1916"]
[Opening "Sicilian: Richter-Rauzer, Rauzer attack, 7...Be7 defense, 9.f4"]
[ECO "B64"]
[NIC "SI.27"]
[Time "16:14:05"]
[PlyCount "138"]
[TimeControl "2700+10"]

1. e4 c5 2. Nf3 d6 3. d4 cxd4 4. Nxd4 Nf6 5. Nc3 Nc6 6. Bg5 e6 7. Qd2 Be7
8. f4 O-O 9. O-O-O Bd7 10. Kb1 Nxd4 11. Qxd4 Bc6 12. Bb5 d5 13. exd5 Nxd5
14. Bxc6 bxc6 15. Bxe7 Qxe7 16. Nxd5 cxd5 17. Rhe1 Rac8 18. Qxd5 Rxc2 19.
Qe4 Rf2 20. Re2 Rxe2 21. Qxe2 Qc7 22. g3 a5 23. Qc2 Qb6 24. Rc1 Qb4 25. a3
Qb5 26. Qc5 Qd3+ 27. Ka2 Qd2 28. Rc2 Qd3 29. Qc3 Qd5+ 30. Qc4 Qd1 31. Qe2
Qxe2 32. Rxe2 Rd8 33. b4 axb4 34. axb4 Kf8 35. Kb3 Ke7 36. b5 Rb8 37. Kb4
Kd6 38. Rc2 h5 39. Rc6+ Kd7 40. Kc5 f6 41. b6 Rb7 42. Rd6+ Ke7 43. Rd1 Rb8
44. Kc6 Rc8+ 45. Kb7 Rc2 46. Ra1 e5 47. fxe5 fxe5 48. Ka7 Rxh2 49. b7 Rb2
50. Ra6 Kd8 51. b8=Q+ Rxb8 52. Kxb8 Kd7 53. Rg6 e4 54. Kb7 e3 55. Ra6 e2
56. Ra1 g5 57. Re1 Ke6 58. Rxe2+ Kf5 59. Kc6 h4 60. gxh4 gxh4 61. Kd5 h3
62. Re8 Kg4 63. Ke4 h2 64. Rh8 Kg3 65. Ke3 Kg2 66. Rg8+ Kf1 67. Rf8+ Kg2
68. Rf2+ Kg1 69. Rxh2 Kxh2 { Game drawn because neither player has mating
material } 1/2-1/2

[Event "ICC tourney 2410 (45 10)"]
[Site "Internet Chess Club"]
[Date "2021.02.27"]
[Round "3"]
[White "IVANOV, ALEXANDER:marble"]
[Black "MASSICK, LAINE:Laine23"]
[Result "1-0"]
[ICCResult "Black resigns"]
[WhiteElo "2511"]
[BlackElo "1920"]
[Opening "Sicilian defense"]
[ECO "B40"]
[NIC "SI.43"]
[Time "16:01:18"]
[PlyCount "107"]
[TimeControl "2700+10"]

1. e4 c5 2. Nf3 e6 3. g3 Nc6 4. Bg2 Nf6 5. Qe2 d6 6. Kf1 Be7 7. d3 O-O 8.
h3 Qc7 9. Kg1 a6 10. Kh2 b5 11. c3 Bb7 12. Re1 h6 13. Nbd2 Rad8 14. Nf1 d5
15. e5 Nd7 16. d4 cxd4 17. cxd4 Qb6 18. Be3 Na5 19. b3 Rc8 20. g4 Rfd8 21.
Ng3 Nf8 22. h4 Nc6 23. Red1 Ng6 24. h5 Nh4 25. Nxh4 Bxh4 26. Rac1 Nb8 27.
f4 Nd7 28. g5 hxg5 29. fxg5 Bxg3+ 30. Kxg3 Nf8 31. Qf2 Rxc1 32. Rxc1 Rc8
33. Rxc8 Bxc8 34. Qc2 Bd7 35. a3 Qa5 36. Qc1 Be8 37. Bf1 g6 38. h6 Kh7 39.
Kf2 Qd8 40. Qc5 Nd7 41. Qd6 Qc8 42. Be2 Qc2 43. Qe7 Qc8 44. Bd2 Qb8 45. Ba5
Qa7 46. Ke3 Qb8 47. Bd8 Nxe5 48. Qf6 Ng4+ 49. Bxg4 Qg3+ 50. Bf3 Qe1+ 51.
Kf4 Qc1+ 52. Ke5 Qe1+ 53. Kd6 Qg3+ 54. Ke7 { Black resigns } 1-0